 Dungeon Crawl Stone Soup version 0.26.1-11-gd32895ea62 (webtiles) character file.

Game seed: 5537806506437663739

79 mankey1987 the Ducker (level 4, 0/44 HPs)
             Began as an Ogre Gladiator on May 28, 2021.
             Was an Initiate of Trog.
             Slain by an orc priest
             ... wielding a +0 hand axe
              (5 damage)
             ... on level 4 of the Dungeon.
             The game lasted 00:03:29 (3910 turns).

mankey1987 the Ducker (Ogre Gladiator)              Turns: 3910, Time: 00:03:30

Health: 0/44       AC:  3    Str: 18    XL:     4   Next: 38%
Magic:  4/4        EV: 11    Int:  9    God:    Trog [......]
Gold:   113        SH:  0    Dex: 11    Spells: 3/3 levels left

rFire    . . .     SeeInvis .   g - +0 whip (vamp)
rCold    . . .     Faith    .   (no shield)
rNeg     . . .     Spirit   .   b - +0 robe
rPois    .         Reflect  .   c - +0 hat
rElec    .         Harm     .   (no cloak)
rCorr    .         Rampage  .   (gloves unavailable)
Will     .....                  (boots unavailable)
Stlth    +.........             (no amulet)
HPRegen  0.14/turn              (no ring)
MPRegen  0.09/turn              (no ring)

@: brilliant
A: large, unfitting armour, tough skin 1
a: Renounce Religion


You were on level 4 of the Dungeon.
You worshipped Trog.
Trog was noncommittal.
You visited 1 branch of the dungeon, and saw 4 of its levels.

You collected 113 gold pieces.

Inventory:

Hand Weapons
 a - a +0 flail
 g - a +0 vampiric whip (weapon)
Missiles
 d - 3 throwing nets (quivered)
Armour
 b - a +0 robe (worn)
 c - a +0 hat (worn)
Scrolls
 e - a scroll of magic mapping
 h - 3 scrolls of remove curse
 i - 4 scrolls of identify
Potions
 k - a potion of flight {unknown}


   Skills:
 - Level 2.6 Fighting
 * Level 3.4 Maces & Flails
 - Level 2.0 Throwing
 * Level 4.0 Dodging


You had 3 spell levels left.
You didn't know any spells.
Your spell library was empty.

Dungeon Overview and Level Annotations

Branches:
Dungeon (4/15)
 Temple: D:4-7

Altars:
Okawaru
Ru
Trog


Innate Abilities, Weirdness & Mutations

You are too large for most types of armour.
You have tough skin. (AC +1)


Message History

You hit the orc.
You feel better.
You kill the orc!
Trog accepts your kill.
An orc comes into view.
It is wielding a +0 hand axe of freezing.
You hit the orc priest.
The orc priest is moderately wounded.
The orc priest invokes the aid of Beogh against you.
Beogh smites you!
You hit the orc priest.
You feel better.
The orc priest is heavily wounded.
The orc priest calls down the wrath of Beogh upon you.
Beogh smites you!
* * * LOW HITPOINT WARNING * * *
It was a potion of magic.
Magic courses through your body.
The orc priest hits you with a +0 hand axe!
* * * LOW HITPOINT WARNING * * *
It was a potion of brilliance.
You feel clever all of a sudden.
The orc priest hits you with a +0 hand axe.
You die...

# ###.# ....# ##
.#######...
#........ #.####
≈ .######## ...#
≈≈≈ ##
#.####..≈≈≈ #
#..@oo....≈ #
#.###..⌠... #.#
...## #######.#
.##
########.......#
..
.....>...#######
## ##########


You could see an orc priest and an orc.

Vanquished Creatures
  2 adders (D:2)
  A worm (D:2)
  3 leopard geckos
  6 orcs
  A ball python (D:1)
  A giant cockroach (D:3)
  5 goblins
  6 hobgoblins
  2 jackals (D:3)
  A quokka (D:3)
  5 bats
  2 frilled lizards (D:3)
  10 kobolds
  5 rats
50 creatures vanquished.

Notes
Turn   | Place    | Note
-------+----------+-------------------------------------------
     0 | D:1      | mankey1987 the Ogre Gladiator began the quest for the Orb.
     0 | D:1      | Reached XP level 1. HP: 22/22 MP: 1/1
   472 | D:1      | Reached skill level 3 in Dodging
   472 | D:1      | Reached XP level 2. HP: 16/29 MP: 2/2
  1394 | D:2      | Reached XP level 3. HP: 20/36 MP: 3/3
  2291 | D:2      | Found a sacrificial altar of Ru.
  2398 | D:3      | Found an iron altar of Okawaru.
  2474 | D:3      | Reached XP level 4. HP: 38/44 MP: 4/4
  2797 | D:3      | Reached skill level 4 in Dodging
  3420 | D:3      | Found a bloodstained altar of Trog.
  3426 | D:3      | Became a worshipper of Trog the Wrathful
  3910 | D:4      | Slain by an orc priest

Illustrated notes

Levels and vault maps discovered:
D:1:      wander_arrival_desolate, layout_loops_ring, minmay_cut_off
D:2:      layout_basic, chequers_serial_rivers_micro_e,
          nicolae_ru_the_path_less_chosen
D:3:      layout_loops_corners, marbit_many_paths, bloody_trog
D:4:      layout_loops_ring, zin_treasury, kiku_gazebo_pond_becter,
          serial_shops, kennysheep_mini, chequers_serial_rivers_large_a,
          uniq_eustachio

Skill      XL: |  1  2  3  4 |
---------------+-------------+-----
Dodging        | 3 4 |  4.0
Maces & Flails | 3 |  3.4
Fighting       | |  2.6
Throwing       | |  2.0

Action                   |  1- 3 |  4- 6 || total
-------------------------+-------+-------++-------
Melee: Flail             |   100 |       ||   100
       Whip              |    56 |   101 ||   157
  Use: Potion            |     3 |     2 ||     5
       Scroll            |     4 |       ||     4
Armor: Robe              |    43 |    25 ||    68
Dodge: Dodged            |    88 |    48 ||   136
